 Dungeon Crawl Stone Soup version 0.28.0-43-g3370ac3207 (webtiles) character file.

Game seed: 15006280159265228980

101 tizbic2 the Sneak (level 4, -2/36 HPs)
             Began as a Naga Venom Mage on Mar 6, 2022.
             Killed by divine providence
             ... invoked by an orc priest
              (8 damage)
             ... on level 3 of the Dungeon.
             The game lasted 00:11:20 (2356 turns).

tizbic2 the Sneak (Naga Venom Mage)                 Turns: 2356, Time: 00:11:21

Health: -2/36      AC:  4    Str: 11    XL:     4   Next: 75%
Magic:  7/7        EV:  9    Int: 15    God:
Gold:   72         SH:  0    Dex: 13    Spells: 3/7 levels left

rFire   + . .      SeeInvis +   a - staff of conjuration
rCold   + . .      Faith    .   (no shield)
rNeg    . . .      Spirit   .   m - +1 leather armour of Cheibriados's Reproof {-Cast rF+ Slay+4}
rPois   +          Reflect  .   b - +0 helmet
rElec   .          Harm     .   (no cloak)
rCorr   .          Rampage  .   (no gloves)
Will    .....      NoCast   +   (no barding)
Stlth   +++.......              (no amulet)
HPRegen 0.12/turn               e - ring of protection from cold
MPRegen 0.10/turn               (no ring)

@: very slow
A: AC +1, large, see invisible, deformed body, poison resistance, slowness 2,
spit poison 1, naga tail 1
a: Spit Poison


You were on level 3 of the Dungeon.
You visited 1 branch of the dungeon, and saw 3 of its levels.

You collected 72 gold pieces.

Inventory:

Hand Weapons
 d - a +0 short sword
 w - a +0 dagger
Missiles
 c - 23 stones
Armour
 b - a +0 helmet (worn)
 f - a +0 robe
 m - the +1 leather armour of Cheibriados's Reproof (worn) {-Cast rF+ Slay+4}
   (You found it on level 3 of the Dungeon)

   Slay:      It affects your accuracy & damage with ranged weapons and melee
   (+4).
   rF:        It protects you from fire.
   -Cast:     It prevents spellcasting.
Magical Staves
 a - a staff of conjuration (weapon)
Jewellery
 e - a ring of protection from cold (left hand)
Scrolls
 h - a scroll of identify
 j - a scroll of amnesia
Potions
 g - a potion of magic {unknown}
 i - a potion of curing
 k - 2 potions of resistance {unknown}
 l - a potion of heal wounds {unknown}


   Skills:
 * Level 2.4 Short Blades
 - Level 1.5 Dodging
 * Level 5.2 Stealth
 + Level 2.1 Spellcasting
 - Level 1.0 Transmutations
 + Level 4.7 Poison Magic


You had 3 spell levels left.
You knew the following spells:

 Your Spells              Type           Power      Damage    Failure   Level
a - Sting                 Tmut/Pois      40%        1d5       9%          1
b - Mephitic Cloud        Conj/Pois/Air  9%         N/A       41%         3

Your spell library contained the following spells:

 Spells                   Type           Power      Damage    Failure   Level
 Poisonous Vapours        Pois/Air       16%        N/A       17%         2
 Olgreb's Toxic Radiance  Pois           15%        N/A       38%         4


Dungeon Overview and Level Annotations

Branches:
Dungeon (3/15)

Altars:


Innate Abilities, Weirdness & Mutations

Your serpentine skin is tough. (AC +1)
You have supernaturally acute eyesight. (SInv)
Armour fits poorly on your strangely shaped body.
Your system is resistant to poisons. (rPois)
You cover ground very slowly.
You can spit poison.
You have a snake-like lower body.


Message History

The orc is severely wounded.
The orc hits you with a +1 vorpal hand axe.
The orc misses you.
You hit the orc.
You kill the orc!
The orc priest calls down the wrath of Beogh upon you.
Pain shoots through your body! The orc priest closely misses you.
Things that are here:
a +1 vorpal hand axe; a +0 leather armour You hit the orc priest.
The orc priest is moderately wounded.
The orc priest closely misses you.
You hit the orc priest.
The orc priest is severely wounded.
The orc priest hits you but does no damage. x2
You hit the orc priest.
You kill the orc priest!
Your Stealth skill increases to level 5!
You hit the orc.
The orc is severely wounded.
The orc hits you with a +0 flail. The orc hits you but does no damage.
You hit the orc but do no damage.
The orc is severely wounded.
The orc priest calls upon Beogh to heal the orc.
The orc's wounds heal themselves!
The orc hits you with a +0 flail.
You hit the orc but do no damage.
The orc priest looks braver for a moment.
The orc barely misses you.
The orc priest invokes the aid of Beogh against you.
Beogh smites you!
* * * LOW HITPOINT WARNING * * *
It was a potion of curing.
You feel better. The orc hits you with a +0 flail.
* * * LOW HITPOINT WARNING * * *
You hit the orc.
The orc is almost dead.
The orc closely misses you.
The orc priest mumbles some strange prayers to Beogh against you.
Beogh smites you!
You die...

#.....###
######
##.........
#..#######.
#.## o$#
#.# ...#
#.#..o....#
#.#.#...#.#
#.#.... ..
#@#o.. ...
#o#.. ....
#o#.#...#.
#.#....o..
#.)..o....
####....##
####


You could see an orc priest and an orc.

Vanquished Creatures
  An orc priest (D:3)
  2 adders (D:2)
  2 worms (D:2)
  2 orcs (D:3)
  2 ball pythons
  3 endoplasms
  3 giant cockroaches
  4 goblins
  A hobgoblin (D:1)
  3 jackals (D:1)
  A quokka (D:1)
  3 bats
  A frilled lizard (D:2)
  8 kobolds
  7 rats
43 creatures vanquished.

Notes
Turn   | Place    | Note
-------+----------+-------------------------------------------
     0 | D:1      | tizbic2 the Naga Venom Mage began the quest for the Orb.
     0 | D:1      | Reached XP level 1. HP: 15/15 MP: 3/3
   148 | D:1      | Reached XP level 2. HP: 12/22 MP: 0/5
   326 | D:1      | Reached skill level 1 in Short Blades
   695 | D:1      | Reached skill level 4 in Stealth
   768 | D:1      | Reached XP level 3. HP: 28/28 MP: 6/6
  1005 | D:2      | Learned a level 3 spell: Mephitic Cloud
  1683 | D:2      | Reached XP level 4. HP: 9/36 MP: 1/7
  1937 | D:2      | Found a faded altar of an unknown god.
  2242 | D:3      | Identified the +1 leather armour of Cheibriados's Reproof
                  | {-Cast rF+ Slay+4}
  2352 | D:3      | Reached skill level 5 in Stealth
  2356 | D:3      | Killed from afar by an orc priest

Illustrated notes

Levels and vault maps discovered:
D:1:      dpeg_arrival_three_same_balls, layout_basic
D:2:      layout_basic, nicolae_ecumenical_pavilion, minmay_pentomino_x2
D:3:      cheibrodos_pilgrimage, layout_basic, lightli_corner_chamber

Skill      XL: |  1  2  3  4 |
---------------+-------------+-----
Short Blades   | 1 2 |  2.4
Stealth        | 4 5 |  5.2
Dodging        | |  1.5
Spellcasting   | |  2.1
Transmutations | |  1.0
Poison Magic   | |  4.7

Action                   |  1- 3 |  4- 6 || total
-------------------------+-------+-------++-------
Melee: Dagger            |    38 |    12 ||    50
       Unarmed           |     1 |       ||     1
       Staff             |     5 |    12 ||    17
       Punch             |     1 |       ||     1
 Cast: Sting             |    17 |     2 ||    19
       Mephitic Cloud    |     3 |       ||     3
 Abil: Spit Poison       |    13 |     5 ||    18
  Use: Scroll            |     1 |     1 ||     2
       Potion            |       |     1 ||     1
 Stab: Sleeping          |     7 |     2 ||     9
       Confused          |     2 |       ||     2
Armor: Robe              |    14 |     4 ||    18
       Leather armour    |       |     3 ||     3
Dodge: Dodged            |    30 |    11 ||    41
